 Dungeon Crawl Stone Soup version 0.29.1-13-g9f3cf754e1 (webtiles) character file.

Game seed: 2740354968255183045

2459 cheesebisquit the Skirmisher (level 9, -1/79 HPs)
             Began as a Minotaur Hunter on Jan 21, 2023.
             Was a Priest of Okawaru.
             Slain by a yak (10 damage)
             ... on level 6 of the Dungeon.
             The game lasted 00:43:50 (11276 turns).

cheesebisquit the Skirmisher (Minotaur Hunter)     Turns: 11276, Time: 00:43:50

Health: -1/79      AC:  9    Str: 17    XL:     9   Next: 26%
Magic:  10/10      EV: 14    Int:  6    God:    Okawaru [***...]
Gold:   427        SH:  0    Dex: 17    Spells: 8/8 levels left

rFire   + . .      SeeInvis .   a - +0 shortbow
rCold   . . .      Faith    .   (shield currently unavailable)
rNeg    . . .      Spirit   .   m - +0 ring mail
rPois   +          Reflect  .   (helmet restricted)
rElec   .          Harm     .   (no cloak)
rCorr   .          Rampage  .   (no gloves)
Will    .....                   c - +2 pair of boots
Stlth   ..........              (no amulet)
HPRegen 0.23/turn               e - ring of protection from fire
MPRegen 0.12/turn               x - ring of poison resistance

@: silenced
A: horns 2, retaliatory headbutt
a: Renounce Religion


You were on level 6 of the Dungeon.
You worshipped Okawaru.
Okawaru was most pleased with you.
You visited 2 branches of the dungeon, and saw 8 of its levels.

You collected 427 gold pieces.

Inventory:

Hand Weapons
 a - a +0 shortbow (weapon)
Missiles
 E - 9 poisoned darts
 F - a curare-tipped dart
Armour
 c - a +2 pair of boots (worn)
 h - a +0 scale mail
 i - the +1 chain mail of Zin's Pride {rElec rC+}
   (You took it off an orc on level 3 of the Dungeon)

   rC:        It protects you from cold.
   rElec:     It insulates you from electricity.
 m - a +0 ring mail (worn)
Jewellery
 e - a ring of protection from fire (left hand)
 l - a +6 ring of intelligence
 x - a ring of poison resistance (right hand)
 y - a ring of wizardry
 A - an amulet of reflection
Wands
 s - a wand of polymorph (5)
 D - a wand of digging (1)
Scrolls
 b - 3 scrolls of immolation
 n - 2 scrolls of poison
 o - a scroll of magic mapping {unknown}
 u - a scroll of enchant weapon {unknown}
 v - a scroll of noise {unknown}
 G - a scroll of amnesia {unknown}
Potions
 f - a potion of berserk rage
 g - 2 potions of magic
 j - 2 potions of mutation
 p - a potion of flight
 r - 2 potions of cancellation
 w - a potion of brilliance
 B - a potion of ambrosia {unknown}


   Skills:
 + Level 7.0 Fighting
 * Level 9.8 Ranged Weapons
 + Level 5.4 Armour
 + Level 6.4 Dodging
 - Level 0.7 Stealth
 + Level 2.7 Invocations


You had 8 spell levels left.
You didn't know any spells.
Your spell library contained the following spells:

 Spells                   Type           Power      Damage    Failure   Level
 Freeze                   Ice            0%         1d3       65%         1
 Confusing Touch          Hex            0%         N/A       95%         3
 Frozen Ramparts          Ice            0%         1d1       95%         3
 Gell's Gravitas          Tloc           0%         N/A       95%         3
 Teleport Other           Tloc           0%         N/A       95%         3
 Hailstorm                Conj/Ice       0%         3d3       100%        4
 Yara's Violent Unravell  Hex/Tmut       0%         3d3       100%        5
 Dispersal                Tloc           0%         N/A       100%        6
 Enfeeble                 Hex            0%         N/A       100%        7


Dungeon Overview and Level Annotations

Branches:
Dungeon (7/15)             Temple (1/1) D:4

Altars:
Ashenzari
Cheibriados
Dithmenos
Elyvilon
Fedhas
Gozag
Hepliaklqana
Kikubaaqudgha
Makhleb
Nemelex Xobeh
Okawaru
Qazlal
Ru
Sif Muna
Trog
Uskayaw
Vehumet
Wu Jian
Yredelemnul
The Shining One

Shops:
D:1 :


Innate Abilities, Weirdness & Mutations

You have a pair of horns on your head.
You reflexively headbutt those who attack you in melee.


Message History

Press: ? - help, Q - select action, (/) - cycle Shift-Dir - straight line, f - yak
Aim: a yak (76% to hit)
You shoot an arrow. The arrow barely misses the yak.
The yak gores you.
* * * LOW HITPOINT WARNING * * *
The air fills with toxic fumes!
As you read the scroll of poison, it crumbles to dust.
The yak gores you but does no damage.
Fire: a) +0 shortbow
Press: ? - help, Q - select action, (/) - cycle Shift-Dir - straight line, f/p - yak
Aim: a yak (76% to hit)
You shoot an arrow. The arrow barely misses the yak.
The yak gores you but does no damage.
Fire: a) +0 shortbow
Press: ? - help, Q - select action, (/) - cycle Shift-Dir - straight line, f/p - yak
Aim: a yak (76% to hit)
You shoot an arrow. The arrow completely misses the yak.
The yak gores you but does no damage.
Fire: a) +0 shortbow
Press: ? - help, Q - select action, (/) - cycle Shift-Dir - straight line, f/p - yak
Aim: a yak (76% to hit)
You shoot an arrow. The arrow hits the yak.
The yak is lightly wounded.
The yak gores you!
* * * LOW HITPOINT WARNING * * *
You feel better. The yak gores you!
* * * LOW HITPOINT WARNING * * *
Okay, then.
As you read the scroll labelled XEBUDA TY ICVU, it crumbles to dust.
A profound silence engulfs you.
It was a scroll of silence.
The yak gores you.
* * * LOW HITPOINT WARNING * * *
Magic scrolls do not work when you're silenced!
You are too injured to fight recklessly!
Fire: a) +0 shortbow
Press: ? - help, Q - select action, (/) - cycle Shift-Dir - straight line, f/p - yak
Aim: a yak (silenced, lightly wounded, 76% to hit)
You shoot an arrow. The arrow hits the yak.
The yak is moderately wounded.
The yak gores you!
You die...

* *#.** *,* * **********
#§########**,* * ,,,,,,,,,*
*§§......),,,** * ****####,*
*#§.......,,,,** ,,,,,....*
#§#******,,,,,** ******#).# #§#
*,,,,,,,**** #####..### #§#
*,,,,,,,,,,?
*##......§§####Y######§§,,,,,****
,........§§§§§§§@§§§§§☼☼,<,,** *
.........#§☼§§○§§§○§####,,,** *
,........#○##§§§☼§#☼# **,** *
,#..#.....###○#☼#☼#,# *,* *
,#.........§§§§§#☼#,* *,*** *
.#.)#....####§###☼#,* *,,,* *
...)...#.# #§.,,§#,* ***,* *
.#..#....######**☼§,** *,* *
#..........# **,**,,** *,* *


You could see a yak.

Vanquished Creatures
  Sigmund (D:2)
  A wyvern (D:7)
  A yak (D:6)
  A water moccasin (D:5)
  An ice beast (D:6)
  A sky beast (D:6)
  An orc warrior (D:6)
  2 black bears
  An ogre (D:5)
  A centaur (D:4)
  2 kobold brigands
  2 phantoms
  3 bullfrogs
  A necrophage (D:6)
  3 scorpions
  A lava snake (D:7)
  3 hounds
  4 jellies
  3 orc priests
  2 iguanas
  3 adders
  A shadow imp (D:6)
  A white imp (D:6)
  3 worms
  A dart slug (D:3)
  The ghost of Villanelle the Conjurer, a weakling FeCj (D:3)
  26 orcs
  2 endoplasms
  A giant cockroach (D:2)
  4 goblins
  8 hobgoblins
  16 kobolds
  7 quokkas
  6 ball pythons
  2 bats
  6 frilled lizards
  2 goblin zombies (D:4)
  5 rats
130 creatures vanquished.

Vanquished Creatures (others)
  2 demonic plants (D:1)
  A fungus (D:1)
  9 plants
12 creatures vanquished.

Grand Total: 142 creatures vanquished

Notes
Turn   | Place    | Note
-------+----------+-------------------------------------------
     0 | D:1      | cheesebisquit the Minotaur Hunter began the quest for the
                  | Orb.
     0 | D:1      | Reached XP level 1. HP: 18/18 MP: 0/0
   195 | D:1      | Found Paxecs's Book Shoppe.
   231 | D:1      | Reached XP level 2. HP: 25/25 MP: 1/1
   580 | D:1      | Found a faded altar of an unknown god.
  1414 | D:2      | Noticed Sigmund
  1416 | D:2      | Found a hazy altar of Hepliaklqana.
  1644 | D:2      | Reached skill level 5 in Ranged Weapons
  1644 | D:2      | Reached XP level 3. HP: 31/31 MP: 2/2
  2067 | D:3      | Reached skill level 1 in Armour
  2186 | D:3      | Found a bloodstained altar of Trog.
  2321 | D:3      | Reached XP level 4. HP: 37/38 MP: 3/3
  2642 | D:3      | Found a runed translucent gate.
  2642 | D:3      | Identified the +1 chain mail of Zin's Pride {rElec rC+}
  2643 | D:3      | Found a runed translucent gate.
  2643 | D:3      | Noticed Villanelle's ghost (weakling FeCj)
  2650 | D:3      | Found a runed translucent gate.
  3165 | D:4      | Found a staircase to the Ecumenical Temple.
  3178 | Temple   | Entered the Ecumenical Temple
  3489 | Temple   | Became a worshipper of Warmaster Okawaru
  3633 | D:4      | Reached XP level 5. HP: 30/46 MP: 4/4
  3737 | D:4      | Found an ornate altar of the Wu Jian Council.
  3825 | D:4      | Found a sand-covered staircase.
  3887 | D:4      | Identified the +9 short sword of Gobraoq {holy, rF- Int+6
                  | Dex+4}
  4796 | D:2      | Killed Sigmund
  4797 | D:2      | Reached skill level 6 in Ranged Weapons
  4797 | D:2      | Reached XP level 6. HP: 52/52 MP: 5/5
  5051 | D:3      | Killed Villanelle's ghost
  5815 | D:3      | Found a bloodstained altar of Trog.
  5919 | D:4      | Found a staircase to the Ecumenical Temple.
  5958 | D:4      | Found an ornate altar of the Wu Jian Council.
  6250 | D:5      | Entered Level 5 of the Dungeon
  6260 | D:5      | Reached * piety under Okawaru
  6278 | D:5      | Noticed a water moccasin
  6593 | D:5      | Killed a water moccasin
  6594 | D:5      | Reached skill level 7 in Ranged Weapons
  6594 | D:5      | Reached XP level 7. HP: 58/60 MP: 6/6
  6656 | D:5      | Reached skill level 5 in Fighting
  7202 | D:5      | Found a radiant altar of Vehumet.
  7205 | D:5      | You fall into a shaft and drop 1 floor!
  7473 | D:6      | Reached ** piety under Okawaru
  7474 | D:6      | Reached skill level 5 in Dodging
  7594 | D:6      | Reached skill level 8 in Ranged Weapons
  7594 | D:6      | Reached XP level 8. HP: 53/70 MP: 7/7
  7929 | D:6      | Found a burning altar of Makhleb.
  8244 | D:6      | Reached skill level 1 in Invocations
  8479 | D:6      | Reached skill level 9 in Ranged Weapons
  8914 | D:5      | Found a radiant altar of Vehumet.
  9693 | D:6      | Found a burning altar of Makhleb.
 10400 | D:7      | Reached *** piety under Okawaru
 10401 | D:7      | Reached XP level 9. HP: 64/78 MP: 9/9
 10488 | D:6      | Reached skill level 5 in Armour
 11276 | D:6      | Slain by a yak

Illustrated notes

Levels and vault maps discovered:
D:1:      dpeg_arrival_simpleton_a, layout_basic, shapermc_ecumenical_altar_gd,
          serial_shops, shop_fountains, serial_bayou, serial_bayou_pond_a,
          serial_bayou_pond_c, serial_bayou_pond_d, serial_bayou_pond_e,
          minmay_misc_feat_hallway, minmay_lizard_pond
D:2:      layout_basic, basic_altar, minmay_misc_feat_four_crosses, uniq_sigmund
D:3:      layout_loops_ring, trog_butcher_becter, biasface_ghost_orc_armoury
D:4:      layout_cave_pools, mainiacjoe_overflow_boulevard,
          minmay_temple_entry_junction, enter_ossuary_4
D:5:      layout_basic, mainiacjoe_overflow_catwalk, serial_bayou,
          serial_bayou_shore_b, serial_bayou_lake_a, serial_bayou_pond_d,
          serial_bayou_lagoon_a
D:6:      layout_loops_ring, kennysheep_mini
D:7:      layout_rooms, minmay_liquid_box, kennysheep_doodads,
          dreamdust_gnoll_shepherd, uniq_duvessa, uniq_crazy_yiuf_cottage
Temple:   minmay_temple_bridge_d

Skill      XL: |  1  2  3  4  5  6  7  8  9 |
---------------+----------------------------+-----
Fighting       | 3 4 5 6 7 |  7.0
Ranged Weapons | 5 6 7 8 9 |  9.8
Armour         | 1 2 3 4 5 |  5.4
Dodging        | 3 4 5 6 |  6.4
Invocations    | 2 |  2.7
Stealth        | |  0.7

Action                   |  1- 3 |  4- 6 |  7- 9 || total
-------------------------+-------+-------+-------++-------
Melee: Unarmed           |       |     1 |       ||     1
 Fire: Shortbow          |   108 |   132 |   297 ||   537
  Use: Scroll            |     1 |     6 |    11 ||    18
       Potion            |       |     2 |     2 ||     4
Armor: Ring mail         |    10 |    23 |    69 ||   102
       Leather armour    |     3 |       |       ||     3
       Skin              |     1 |     1 |       ||     2
Dodge: Dodged            |    37 |    59 |   125 ||   221
